 Dungeon Crawl Stone Soup version 0.24-a0-368-g0e0cebd0f3 (webtiles) character file.

Game seed: 9792863454065166139

65627 emperorscorpion the Severer (level 14, 0/113 HPs)
             Began as a Demonspawn Berserker on May 28, 2019.
             Was the Champion of Trog.
             Slain by a yaktaur (9 damage)
             ... in a volcano.
             The game lasted 00:33:29 (21345 turns).

emperorscorpion the Severer (Demonspawn Berserker) Turns: 21345, Time: 00:33:30

Health: 0/113      AC: 15    Str: 26    XL:     14   Next: 76%
Magic:  14/14      EV: 12    Int:  8    God:    Trog [******]
Gold:   1028       SH:  0    Dex: 19    Spells: 13/13 levels left

rFire    . . .     SeeInvis .   a - +9 battleaxe of No Interval {protect, MR+ Str+3}
rCold    . . .     Gourm    .   (shield currently unavailable)
rNeg     . . .     Faith    .   c - +1 chain mail
rPois    +         Spirit   .   v - +0 helmet
rElec    .         Reflect  .   V - scarf {cloud immunity}
rCorr    .         Harm     +   M - +0 pair of gloves
MR       +++++                  (no boots)
Stlth    ++........             F - amulet of harm
HPRegen  1.28/turn              n - ring of poison resistance
MPRegen  0.14/turn              B - ring of protection from magic

@: regenerating
A: hooves 1, thin skeletal structure 3, nightstalker 1, spiny 3
a: Berserk, Trog's Hand, Brothers in Arms, Renounce Religion


You were in a volcano.
You worshipped Trog.
Trog was exalted by your worship.
You were hungry.

You visited 3 branches of the dungeon, and saw 21 of its levels.
You also visited: Volcano.

You collected 1625 gold pieces.
You spent 597 gold pieces at shops.

Inventory:

Hand Weapons
 a - the +9 battleaxe of No Interval (weapon) {protect, MR+ Str+3}
   (You bought it in a shop on level 6 of the Dungeon)

   It grants its wielder temporary protection when it strikes (+7 to AC).
   It affects your strength (+3).
   It affects your resistance to hostile enchantments.
 b - a +1 hand axe of flaming
 w - a +2 spear of venom
 J - the +6 rapier of Misery {speed, rPois rF- Dex+2}
   (You found it on level 8 of the Dungeon)

   Attacks with this weapon are significantly faster.
   It affects your dexterity (+2).
   It makes you vulnerable to fire.
   It protects you from poison.
 T - a +4 antimagic battleaxe
Missiles
 p - 17 boomerangs (quivered)
 x - 16 atropa-tipped darts
 y - 78 poisoned darts
 z - 9 curare-tipped darts
 L - 26 silver javelins
 O - 4 throwing nets
Armour
 c - a +1 chain mail (worn)
 v - a +0 helmet (worn)
 M - a +0 pair of gloves (worn)
 P - the +1 chain mail of Sofixt {-Cast MR- rCorr Str+4}
   (You bought it in a shop on level 8 of the Dungeon)

   It affects your strength (+4).
   It affects your resistance to hostile enchantments.
   It prevents spellcasting.
   It provides partial protection from all sources of acid and corrosion.
 V - a scarf of cloud immunity (worn)
Jewellery
 h - an uncursed ring of magical power
 l - an uncursed ring of magical power
 n - a ring of poison resistance (left hand)
 r - an uncursed ring of attention
 s - an uncursed ring of positive energy
 B - a ring of protection from magic (right hand)
 F - an amulet of harm (around neck)
Wands
 G - a wand of disintegration (35)
 I - a wand of random effects (36)
 N - a wand of polymorph (7)
 W - a wand of enslavement (6)
 Z - a wand of digging (8)
Scrolls
 d - 2 scrolls of immolation
 e - 3 scrolls of enchant weapon
 f - 21 scrolls of identify
 j - 8 scrolls of remove curse
 m - 2 scrolls of fog
 t - 8 scrolls of teleportation
 A - 2 scrolls of magic mapping
 E - 4 scrolls of enchant armour
 H - 3 scrolls of fear
 Q - 4 scrolls of summoning
Potions
 g - a potion of berserk rage
 i - 3 potions of lignification
 k - 3 potions of agility
 o - 6 potions of might
 q - 7 potions of heal wounds
 u - 4 potions of ambrosia
 C - 4 potions of haste
 K - 5 potions of curing
 S - 10 potions of degeneration
 Y - 3 potions of flight
Comestibles
 D - 4 chunks of flesh
 R - 33 rations


   Skills:
 + Level 11.4 Fighting
 + Level 16.9 Axes
 + Level 3.8 Throwing
 + Level 10.2 Armour
 + Level 4.7 Dodging
 - Level 3.0 Stealth
 - Level 6.1 Unarmed Combat


You had 13 spell levels left.
You didn't know any spells.
Your spell library contained the following spells:

 Spells                   Type           Power        Failure   Level  Hunger
 Apportation              Tloc           #.....       90%         1    ##.....
 Corona                   Hex            #......      90%         1    ##.....
 Summon Butterflies       Summ           #.......     90%         1    ##.....
 Ensorcelled Hibernation  Hex/Ice        #.....       97%         2    ###....
 Confuse                  Hex            #.......     99%         3    ####...
 Dazzling Spray           Conj/Hex       #.....       99%         3    ####...
 Lesser Beckoning         Tloc           #.........   99%         3    ####...
 Tukima's Dance           Hex            #.......     99%         3    ####...
 Alistair's Intoxication  Tmut/Pois      #.......     100%        5    ######.
 Invisibility             Hex            #.......     100%        6    #######


Dungeon Overview and Level Annotations

Branches:
Dungeon (15/15)            Temple (0/1) D:4            Lair (5/6) D:8
  Swamp (0/4) Lair:4       Spider (0/4) Lair:2          Orc (0/2) D:10
 Vaults (0/5) D:14         Depths (1/5) D:15
  Slime: Lair:5-6

Altars:
Ashenzari
Fedhas
Hepliaklqana
Kikubaaqudgha
Sif Muna
Trog
Wu Jian
Xom

Shops:
D:6 (   D:8 [([=

Annotations:
D:9 fly
D:14 exclusion: ice statue


Innate Abilities, Weirdness & Mutations

You have large cloven feet.
You have an unnaturally thin skeletal structure. (Dex +6, Stealth++)
You are slightly more attuned to the shadows.
You are completely covered in sharp spines.


Message History

It stops flaming.
The yaktaur is struck by your spines.
The yaktaur hits you but does no damage.
The centaur shoots an arrow.
The arrow barely misses you.
You see here 2 arrows.
Unknown command.
Unknown command.
Okay, then.
Your skin crawls.
You feel resistant to hostile enchantments.
You feel somewhat more hungry.
The centaur warrior shoots an arrow.
The arrow hits you!
* * * LOW HITPOINT WARNING * * *
The arrow burns you.
* * * LOW HITPOINT WARNING * * *
The centaur shoots an arrow.
The arrow hits you.
* * * LOW HITPOINT WARNING * * *
The arrow burns you.
* * * LOW HITPOINT WARNING * * *
The yaktaur is struck by your spines. The yaktaur hits you!
You die...

≈§§#..c#.....#
§§§#...#######
§≈#...c!!.[[+
§#...#..≈..#
#...#8≈≈≈8#
#..'..≈..+
#.@'((...+
##c#8...8#
≈###..(..###≈
≈≈≈§.....§§≈≈
≈≈§§8...8§§§§
≈§§§.....≈≈##
#§§≈.....≈≈#
#≈§§8...8≈##
####.....##


You could see a centaur warrior, a yaktaur and a centaur.

Vanquished Creatures
  Rupert (D:12)
  A fire giant (Depths:1)
  An ironheart preserver (D:14)
  Erolcha (D:11)
  Josephine (D:11)
  Harold (Lair:2)
  5 hydras
  A centaur warrior (D:15)
  3 death yaks (Lair:4)
  3 tengu warriors
  3 spriggan berserkers (D:14)
  A fire crab (Lair:3)
  4 skeletal warriors (D:14)
  An unseen horror (D:12)
  A wizard (D:14)
  4 cyclopes
  A wolf spider (D:15)
  A mana viper (shapeshifter) (D:15)
  A deep elf mage (D:12)
  10 ugly things
  4 manticores
  A black mamba (Lair:2)
  4 centaur zombies
  13 spiny frogs
  A gargoyle (D:11)
  2 kobold demonologists (D:14)
  2 yaktaurs
  A freezing wraith (D:14)
  5 komodo dragons
  A tengu conjurer (D:14)
  4 trolls
  3 meliai (D:14)
  15 blink frogs
  A hornet (D:11)
  9 dream sheep
  6 slime creatures
  A centaur simulacrum (D:14)
  8 hippogriffs
  Sigmund (D:5)
  2 shadows
  3 wyverns
  6 wraiths
  31 yaks
  5 vampire mosquitoes
  Menkaure (D:7)
  2 steam dragons (D:10)
  3 basilisks
  A hungry ghost (D:7)
  3 wargs (D:8)
  8 water moccasins
  A swamp drake (D:10)
  7 porcupines
  4 black bears
  9 orc warriors
  3 ice beasts
  2 sky beasts
  An eye of draining (D:11)
  5 ogres
  5 boggarts (D:14)
  A phantom (D:14)
  4 necrophages
  6 wolves
  6 crocodiles
  10 centaurs
  Blork the orc (D:15)
  14 bullfrogs
  9 big kobolds
  A gnoll sergeant (D:11)
  A water moccasin skeleton (D:9)
  11 scorpions
  9 killer bees (D:11)
  3 wights (D:12)
  2 electric eels
  4 howler monkeys
  4 bullfrog zombies
  A lava snake (Lair:2)
  9 crimson imps
  A quasit (D:13)
  7 hounds
  9 orc priests
  2 centaur skeletons
  7 jellies
  19 orc wizards
  2 bullfrog skeletons
  9 iguanas
  12 worker ants
  A hound skeleton (D:5)
  11 gnolls
  13 adders
  3 shadow imps
  6 oozes
  An adder skeleton (D:9)
  An adder zombie (D:6)
  A worm (D:4)
  2 dart slugs
  A worm (shapeshifter) (D:14)
  8 leopard geckos
  78 orcs
  3 giant cockroaches
  6 goblins
  9 hobgoblins
  3 jackals (D:11)
  5 quokkas
  2 ball pythons
  8 bats
  3 frilled lizards
  A jackal skeleton (D:7)
  21 kobolds
  A leopard gecko skeleton (D:7)
  10 rats
  A fungus (Lair:2)
  A plant (Lair:2)
593 creatures vanquished.

Vanquished Creatures (collateral kills)
  A crocodile (Lair:1)
1 creature vanquished.

Vanquished Creatures (others)
  A fungus (Lair:4)
  10 plants
  6 toadstools (D:6)
17 creatures vanquished.

Grand Total: 611 creatures vanquished

Notes
Turn   | Place    | Note
-------+----------+-------------------------------------------
     0 | D:1      | emperorscorpion the Demonspawn Berserker began the quest
                  | for the Orb.
     0 | D:1      | Reached XP level 1. HP: 18/18 MP: 1/1
   505 | D:1      | Gained mutation: You are partially covered in sharp spines.
                  | [demonic ancestry]
   505 | D:1      | Reached XP level 2. HP: 22/24 MP: 2/2
  1279 | D:1      | Reached XP level 3. HP: 29/29 MP: 3/3
  1491 | D:2      | Reached ** piety under Trog
  2321 | D:3      | Found a bloodstained altar of Trog.
  2336 | D:3      | You fall into a shaft and drop 2 floors!
  2336 | D:5      | Entered Level 5 of the Dungeon
  2337 | D:5      | Noticed a scorpion
  2346 | D:5      | Killed a scorpion
  2346 | D:5      | Reached skill level 1 in Stealth
  2346 | D:5      | Gained mutation: You are slightly more attuned to the
                  | shadows. [demonic ancestry]
  2346 | D:5      | Reached XP level 4. HP: 35/35 MP: 4/4
  2653 | D:4      | Found a staircase to the Ecumenical Temple.
  3688 | D:4      | Reached XP level 5. HP: 41/41 MP: 5/5
  3922 | D:4      | Gained mutation: You are mostly covered in sharp spines.
                  | [demonic ancestry]
  3922 | D:4      | Reached XP level 6. HP: 39/47 MP: 6/6
  4247 | D:4      | Reached skill level 5 in Unarmed Combat
  4296 | D:4      | Reached *** piety under Trog
  4597 | D:5      | Gained mutation: You have large cloven feet. [demonic
                  | ancestry]
  4597 | D:5      | Reached XP level 7. HP: 51/53 MP: 7/7
  4895 | D:5      | Noticed Sigmund
  4902 | D:5      | Killed Sigmund
  5074 | D:5      | Reached skill level 1 in Throwing
  5198 | D:6      | Found an ornate altar of the Wu Jian Council.
  5342 | D:6      | Found a shimmering altar of Xom.
  5448 | D:6      | Found a shattered altar of Ashenzari.
  5469 | D:6      | Found Gatet's Antique Weapon Emporium.
  5472 | D:6      | Bought a bloodstained battleaxe for 322 gold pieces
  5472 | D:6      | Identified the +9 battleaxe of No Interval {protect, MR+
                  | Str+3} (You bought it in a shop on level 6 of the Dungeon)
  5479 | D:6      | Reached skill level 5 in Armour
  5482 | D:6      | Reached XP level 8. HP: 42/60 MP: 8/8
  5683 | D:6      | Reached skill level 1 in Axes
  5831 | D:6      | Found a blossoming altar of Fedhas.
  5832 | D:6      | Found a shattered altar of Ashenzari.
  5832 | D:6      | Found an ancient bone altar of Kikubaaqudgha.
  5899 | D:6      | Reached skill level 2 in Axes
  6193 | D:6      | Reached skill level 3 in Axes
  6332 | D:6      | Noticed a slime creature
  6333 | D:6      | Noticed a slime creature
  6336 | D:6      | Reached **** piety under Trog
  6341 | D:6      | Killed a slime creature
  6341 | D:6      | Reached skill level 4 in Axes
  6342 | D:6      | Killed a slime creature
  6342 | D:6      | Reached XP level 9. HP: 67/67 MP: 9/9
  6452 | D:6      | Reached skill level 5 in Axes
  6569 | D:7      | Reached skill level 5 in Fighting
  6634 | D:7      | Found a hazy altar of Hepliaklqana.
  6637 | D:7      | You fall into a shaft and drop 3 floors!
  6637 | D:10     | Entered Level 10 of the Dungeon
  6647 | D:10     | Reached skill level 6 in Axes
  6857 | D:9      | Noticed a troll
  6860 | D:9      | Reached skill level 7 in Axes
  6863 | D:9      | Killed a troll
  7117 | D:9      | Reached skill level 8 in Axes
  7265 | D:9      | Gained mutation: You are completely covered in sharp
                  | spines. [demonic ancestry]
  7265 | D:9      | Reached XP level 10. HP: 76/76 MP: 10/10
  7476 | D:9      | Reached ***** piety under Trog
  7887 | D:7      | Reached skill level 9 in Axes
  7922 | D:7      | Noticed Menkaure
  7928 | D:7      | Killed Menkaure
  8418 | D:8      | Found Gochotzu's Jewellery Shoppe.
  8516 | D:8      | Received a gift from Trog
  8526 | D:8      | Found a staircase to the Lair.
  8528 | D:8      | Got an ichor-stained rapier
  8726 | D:8      | Reached skill level 10 in Axes
  8785 | D:8      | Received a gift from Trog
  8973 | D:8      | Found Matup's Antique Armour Emporium.
  8989 | D:8      | Bought a dazzling chain mail for 275 gold pieces
  8999 | D:8      | Identified the +1 chain mail of Sofixt {-Cast MR- rCorr
                  | Str+4} (You bought it in a shop on level 8 of the Dungeon)
  9088 | D:8      | Found Gamont's Weapon Shop.
  9095 | D:8      | Identified the +6 rapier of Misery {speed, rPois rF- Dex+2}
                  | (You found it on level 8 of the Dungeon)
  9242 | D:8      | Found Kaitusm's Antique Armour Boutique.
  9244 | D:8      | Received a gift from Trog
  9625 | D:9      | Gained mutation: You have a somewhat thin skeletal
                  | structure. (Dex +2, Stealth) [demonic ancestry]
  9625 | D:9      | Reached XP level 11. HP: 71/83 MP: 11/11
  9630 | D:9      | Noticed a three-headed hydra
  9638 | D:9      | Killed a one-headed hydra
  9962 | D:10     | Reached skill level 11 in Axes
 10102 | D:10     | Noticed a green ugly thing
 10111 | D:10     | Killed a green ugly thing
 10612 | D:10     | Found a staircase to the Orcish Mines.
 10825 | D:11     | Noticed Josephine
 10834 | D:11     | Killed Josephine
 10904 | D:11     | Received a gift from Trog
 11054 | D:11     | Reached skill level 12 in Axes
 11435 | D:11     | Noticed a brown ugly thing
 11443 | D:11     | Killed a brown ugly thing
 11827 | D:11     | Noticed Erolcha
 11835 | D:11     | Killed Erolcha
 11835 | D:11     | Reached XP level 12. HP: 71/93 MP: 12/12
 12313 | D:12     | Noticed a five-headed hydra
 12323 | D:12     | Killed a three-headed hydra
 12445 | D:12     | Reached skill level 13 in Axes
 12854 | D:12     | Reached ****** piety under Trog
 12864 | D:12     | Noticed Rupert
 12904 | D:12     | Killed Rupert
 13012 | D:12     | Received a gift from Trog
 13352 | D:13     | Noticed a tengu warrior
 13357 | D:13     | Killed a tengu warrior
 13357 | D:13     | Reached skill level 14 in Axes
 13611 | D:13     | Noticed a seven-headed hydra
 13618 | D:13     | Killed a nine-headed hydra
 13766 | D:13     | Received a gift from Trog
 13916 | D:14     | Gained mutation: You have a moderately thin skeletal
                  | structure. (Dex +4, Stealth+) [demonic ancestry]
 13916 | D:14     | Reached XP level 13. HP: 62/101 MP: 13/13
 14402 | D:14     | Found the +8 Wrath of Trog {antimagic, *Rage}
 14405 | D:14     | Received a gift from Trog
 14536 | D:14     | Received a gift from Trog
 15027 | D:14     | Reached skill level 10 in Fighting
 15027 | D:14     | Reached skill level 15 in Axes
 15540 | D:14     | Found a gate to the Vaults.
 15540 | D:14     | Noticed an ironheart preserver
 15551 | D:14     | Killed an ironheart preserver
 15689 | D:15     | Entered Level 15 of the Dungeon
 16452 | D:15     | Found a staircase to the Depths.
 16749 | D:15     | Noticed Blork the orc
 16757 | D:15     | Killed Blork the orc
 16757 | D:15     | Received a gift from Trog
 16762 | D:15     | Found a deep blue altar of Sif Muna.
 16918 | Depths:1 | Entered Level 1 of the Depths
 16924 | Depths:1 | Noticed a fire giant
 16933 | Depths:1 | Killed a fire giant
 16933 | Depths:1 | Gained mutation: You have an unnaturally thin skeletal
                  | structure. (Dex +6, Stealth++) [demonic ancestry]
 16933 | Depths:1 | Reached XP level 14. HP: 25/111 MP: 14/14
 17141 | Lair:1   | Entered Level 1 of the Lair of Beasts
 17340 | Lair:1   | Reached skill level 16 in Axes
 17802 | Lair:2   | Noticed Harold
 17808 | Lair:2   | Killed Harold
 18000 | Lair:2   | Found a hole to the Spider Nest.
 18744 | Lair:2   | Reached skill level 10 in Armour
 19464 | Lair:3   | Received a gift from Trog
 20980 | Lair:4   | Found a staircase to the Swamp.
 21313 | Lair:5   | Found a dark tunnel.
 21321 | Volcano  | Entered a volcano
 21345 | Volcano  | Slain by a yaktaur

Levels and vault maps discovered:
D:1:      lemuel_arrival_cross, layout_basic, minmay_vboxes
D:2:      layout_loops_ring
D:3:      layout_basic, trog_three_pillars_becter
D:4:      minmay_inner_zag, layout_basic, minmay_temple_entry_arrows,
          minmay_distorted
D:5:      layout_gridville, first_ration, serial_bayou_pond_d,
          minmay_misc_feat_rows, dk_rats_in_the_wall, uniq_sigmund
D:6:      cheibrodos_fertilizer, layout_loops_corners,
          chequers_temple_overflow_statue_of_worship, lemuel_doored_altar,
          basic_altar, serial_shops, kennysheep_mini, evilmike_ruin_ashenzari
D:7:      layout_rooms, basic_altar, kennysheep_small_spiral, uniq_menkaure
D:8:      layout_loops_ring, erik_lair_orcish_takeover, serial_shops,
          shop_statue, nicolae_shop_waterfront, shop, shop, special_room
          [special_room_orc]
D:9:      layout_long_grid, hangedman_ranch [blue_anna_fruit_fields],
          evilmike_minifort
D:10:     kennysheep_steamy, layout_rooms, erik_orc_1, serial_corexii_hall,
          chequers_hall_statues_corner_a, corexii_hall_statues_l
D:11:     layout_roguey, uniq_josephine, uniq_erolcha
D:12:     layout_cave_pools, serial_undead, serial_undead_e, serial_undead_e,
          serial_undead_d, serial_undead_f, lightli_fourway_metalbox,
          uniq_rupert
D:13:     layout_basic, minivault_16
D:14:     lemuel_ice_statue, layout_rooms, skrybe_vaults_entry_preservation,
          nicolae_two_hexagons, minmay_guarded_unrand_wrath_of_trog
D:15:     hangedman_depths_entry_try_elsewhere_first, layout_basic, hex_tiny,
          tgw_sif
Lair:1:   layout_big_grid
Lair:2:   layout_gridlike, dummy_spider_entry, beast_lair_carwin_7, uniq_harold
Lair:3:   layout_regular_city
Lair:4:   layout_hall_layers, minmay_swamp_entry_reptiles, minivault_24,
          chequers_serial_rivers_small_b, st_stairs_7, serial_bayou_shore_a,
          grunt_megastairs_5
Lair:5:   layout_loops_ring, nicolae_volcano_entry_two_sided,
          chequers_serial_rivers_micro_d, lookout_lair_type, zaba_antful_of_joy
Depths:1: layout_cave_shapes, hell_entry, serial_shops, kennysheep_mini_moat,
          shop_statue, shop, hangedman_abyss_or_decor_slice,
          hangedman_abyss_or_decor_lesser_grid, minmay_multi_spiral
Volcano:  kennysheep_volcano_temple

Skill      XL: |  1  2  3  4  5  6  7  8  9 10 11 12 13 14 |
---------------+-------------------------------------------+-----
Unarmed Combat | 3 4 5 6 |  6.1
Dodging        | 2 3 4 |  4.7
Armour         | 2 3 4 5 6 7 8 9 10 | 10.2
Stealth        | 1 2 3 |  3.0
Throwing       | 1 2 3 |  3.8
Fighting       | 4 5 6 8 9 10 11 | 11.4
Axes           | 4 8 10 12 14 15 16 | 16.9

Action                   |  1- 3 |  4- 6 |  7- 9 | 10-12 | 13-15 || total
-------------------------+-------+-------+-------+-------+-------++-------
Melee: Unarmed           |   116 |   141 |    40 |       |       ||   297
       Punch             |     1 |     2 |     3 |       |       ||     6
       Kick              |       |       |    36 |   107 |   112 ||   255
       Battleaxe         |       |       |    88 |   365 |   311 ||   764
       Hand axe          |       |       |       |     5 |       ||     5
Throw: Dart              |       |     7 |     3 |    24 |     2 ||    36
       Boomerang         |       |       |       |       |    18 ||    18
Invok: Berserk           |     2 |     4 |     7 |     6 |     8 ||    27
       Trog's Hand       |       |       |       |     1 |     1 ||     2
  Use: Scroll            |     7 |       |     6 |       |     5 ||    18
       Potion            |       |       |       |     8 |       ||     8
 Stab: Sleeping          |     1 |       |       |       |     2 ||     3
       Confused          |       |       |       |     1 |       ||     1
  Eat: Chunk             |     5 |    12 |    12 |    27 |    23 ||    79
       Ration            |       |       |     1 |       |     2 ||     3
Armor: Animal skin       |    12 |       |       |       |       ||    12
       Chain mail        |    20 |    58 |    75 |   199 |   115 ||   467
Dodge: Dodged            |    52 |    45 |    46 |   198 |   135 ||   476

Table legend:
 A = Non-vault XP
 B = Vault XP
 C = Vault XP percentage of total XP
 D = Non-vault monster count
 E = Vault monster count
 F = Vault count percentage of total count
                 A         B        C        D         E       F
            +---------+---------+-------+---------+---------+-------
      Total |   66163 |   27591 |  29.4 |     445 |     147 |  24.8
            +---------+---------+-------+---------+---------+-------
        D:1 |      26 |      17 |  39.5 |      18 |       9 |  33.3
        D:2 |      41 |       0 |   0.0 |      11 |       0 |   0.0
        D:3 |      15 |       0 |   0.0 |      10 |       0 |   0.0
        D:4 |     413 |      97 |  19.0 |      26 |       6 |  18.8
        D:5 |     190 |     223 |  54.0 |       9 |       1 |  10.0
        D:6 |    1174 |     691 |  37.1 |      25 |      16 |  39.0
        D:7 |    1099 |     183 |  14.3 |      16 |       1 |   5.9
        D:8 |    1481 |    1050 |  41.5 |      39 |      30 |  43.5
        D:9 |    3298 |    2294 |  41.0 |      43 |       9 |  17.3
       D:10 |    1779 |     937 |  34.5 |      20 |      19 |  48.7
       D:11 |    4902 |    3123 |  38.9 |      45 |       7 |  13.5
       D:12 |    6414 |    4924 |  43.4 |      24 |      13 |  35.1
       D:13 |    3126 |       0 |   0.0 |      17 |       0 |   0.0
       D:14 |   10524 |    6595 |  38.5 |      29 |      12 |  29.3
       D:15 |    6363 |    2799 |  30.6 |      23 |       5 |  17.9
     Lair:1 |    6641 |       0 |   0.0 |      25 |       0 |   0.0
     Lair:2 |    6513 |    2875 |  30.6 |      28 |       7 |  20.0
     Lair:3 |    2483 |       0 |   0.0 |      10 |       0 |   0.0
     Lair:4 |    7706 |    1783 |  18.8 |      25 |      12 |  32.4
     Lair:5 |     105 |       0 |   0.0 |       1 |       0 |   0.0
   Depths:1 |    1870 |       0 |   0.0 |       1 |       0 |   0.0
            +---------+---------+-------+---------+---------+-------
